 Dungeon Crawl Stone Soup version 0.28-a0-819-g6ef7baa362 (webtiles) character file.

Game seed: 5997631620518653647

85 Essalna the Firebug (level 4, -2/30 HPs)
             Began as a Demonspawn Fire Elementalist on Nov 8, 2021.
             Slain by an adder (3 damage)
             ... on level 2 of the Dungeon.
             The game lasted 00:03:32 (2554 turns).

Essalna the Firebug (Demonspawn Fire Elementalist)  Turns: 2554, Time: 00:03:33

Health: -2/30      AC:  2    Str:  8    XL:     4   Next: 25%
Magic:  2/8        EV: 12    Int: 17    God:
Gold:   89         SH:  0    Dex: 14    Spells: 7/8 levels left

rFire   . . .      SeeInvis .   b - +0 spear
rCold   . . .      Faith    .   (no shield)
rNeg    . . .      Spirit   .   a - +0 robe
rPois   .          Reflect  .   (no helmet)
rElec   .          Harm     .   (no cloak)
rCorr   .          Rampage  .   (no gloves)
Will    .....                   (no boots)
Stlth   ++........              (no amulet)
HPRegen 0.10/turn               (no ring)
MPRegen 0.11/turn               (no ring)

@: lethally poisoned (-2 -> -5)
A: ignite blood 1, sturdy frame 1
a: no special abilities


You were on level 2 of the Dungeon.
You visited 1 branch of the dungeon, and saw 2 of its levels.

You collected 89 gold pieces.

Inventory:

Hand Weapons
 b - a +0 spear (weapon)
Armour
 a - a +0 robe (worn)
Scrolls
 e - 2 scrolls of torment {unknown}
 g - a scroll of magic mapping {unknown}
 h - a scroll of vulnerability {unknown}
Potions
 c - a potion of brilliance {unknown}
 d - 2 potions of attraction {unknown}
 f - a potion of mutation {unknown}


   Skills:
 - Level 1.7 Dodging
 - Level 1.7 Stealth
 + Level 2.9 Spellcasting
 + Level 2.4 Conjurations
 + Level 3.5 Fire Magic


You had 7 spell levels left.
You knew the following spells:

 Your Spells              Type           Power      Damage    Failure   Level
a - Foxfire               Conj/Fire      48%        2x1d6     5%          1

Your spell library contained the following spells:

 Spells                   Type           Power      Damage    Failure   Level
 Scorch                   Fire           28%        2d6       6%          2
 Conjure Flame            Conj/Fire      12%        6-21      16%         3
 Inner Flame              Hex/Fire       8%         N/A       26%         3
 Ignite Poison            Fire/Tmut/Pois 6%         N/A       32%         3
 Flame Wave               Conj/Fire      12%        3d4       45%         4
 Sticky Flame             Conj/Fire      12%        2d4       45%         4
 Ozocubu's Armour         Ice            2%         N/A       47%         3
 Metabolic Englaciation   Hex/Ice        1%         N/A       99%         5
 Simulacrum               Ice/Necr       1%         N/A       100%        6


Dungeon Overview and Level Annotations

Branches:
Dungeon (2/15)

Altars:

Shops:
D:2 :(

Annotations:
D:2 1 runed translucent door, Crazy Yiuf


Innate Abilities, Weirdness & Mutations

Your demonic aura sometimes causes spilled blood to erupt in flames.
Your movements are slightly less encumbered by armour. (ER -2)


Message History

The jackal closely misses you.
You closely miss the jackal.
You feel sick.
You are no longer poisoned.
The foxfire hits the jackal but does no damage.
The foxfire hits the jackal.
The jackal is almost dead.
The jackal barely misses you.
Casting: Foxfire (safe; 5% risk of failure)
Confirm with . or Enter, or press ? or * to list all spells.
You conjure some foxfire!
The jackal bites you but does no damage.
You closely miss the jackal.
The jackal is moderately wounded.
Casting: Foxfire (safe; 5% risk of failure)
Confirm with . or Enter, or press ? or * to list all spells.
You conjure some foxfire!
The jackal barely misses you. The adder bites you.
* * * LOW HITPOINT WARNING * * *
You hit the adder.
The adder is heavily wounded.
The foxfire hits the jackal but does no damage.
The jackal is moderately wounded.
The jackal bites you.
* * * LOW HITPOINT WARNING * * *
The adder bites you.
* * * LOW HITPOINT WARNING * * *
The jackal barely misses you.
Casting: Foxfire (safe; 5% risk of failure)
Confirm with . or Enter, or press ? or * to list all spells.
You conjure some foxfire!
The adder closely misses you. The jackal misses you. The adder bites you.
* * * LOW HITPOINT WARNING * * *
You are lethally poisoned!
The adder poisons you!
You miss the adder.
The adder is heavily wounded.
* * * LOW HITPOINT WARNING * * *
You feel sick.
The foxfire hits the jackal.
The jackal is heavily wounded.
The jackal closely misses you. The adder bites you.
You die...

###### ....... ##..≈ #....#
.?.....##..≈≈ #.##.# .......
..≈≈≈ #.##.## ....... ##≈≈≈
######.....## ###)...... #≈≈≈≈
...<##.#....######.hhh.....##≈≈≈≈
.#####.#.>......##.#......!#≈≈≈≈≈
.##.......#...#.h#.#.......#≈≈≈≈≈
.......#.##.#.##@Sh#########≈≈≈≈.
.......#....#÷###### #≈≈≈≈≈#
.......######..# #≈≈≈≈≈. .......#
#####)####### #≈≈≈≈#. ##..####
#...†.÷.....# #≈≈≈≈#. #....#
#...........# #≈≈≈≈#. ♣....♣
#........∩..# #≈≈≈≈#. ♣...♣♣
#...........# #≈≈≈≈≈. ♣♣.♣♣
#...(.......# #≈≈≈≈≈.


You could see an adder and 2 jackals.

Vanquished Creatures
  Natasha (D:2)
  2 adders (D:2)
  2 dart slugs
  2 endoplasms
  6 goblins
  3 hobgoblins
  9 jackals (D:2)
  2 ball pythons
  2 bats
  2 frilled lizards (D:2)
  2 kobolds (D:1)
  3 rats
36 creatures vanquished.

Vanquished Creatures (collateral kills)
  6 foxfires
6 creatures vanquished.

Vanquished Creatures (others)
  108 foxfires
  3 plants (D:1)
111 creatures vanquished.

Grand Total: 153 creatures vanquished

Notes
Turn   | Place    | Note
-------+----------+-------------------------------------------
     0 | D:1      | Essalna the Demonspawn Fire Elementalist began the quest
                  | for the Orb.
     0 | D:1      | Reached XP level 1. HP: 13/13 MP: 3/3
   562 | D:1      | Found a faded altar of an unknown god.
   705 | D:1      | Gained mutation: Your demonic aura sometimes causes spilled
                  | blood to erupt in flames. [demonic ancestry]
   705 | D:1      | Reached XP level 2. HP: 19/19 MP: 0/5
  1313 | D:2      | Reached skill level 3 in Fire Magic
  1715 | D:2      | Reached XP level 3. HP: 14/24 MP: 1/6
  1925 | D:2      | Found Haev Dimn's Antique Armour Shoppe.
  1932 | D:2      | Found Xusargh's Weapon Boutique.
  2007 | D:2      | Noticed Natasha
  2013 | D:2      | Killed Natasha
  2081 | D:2      | Found Caijecla's Book Shoppe.
  2103 | D:2      | Gained mutation: Your movements are slightly less
                  | encumbered by armour. (ER -2) [demonic ancestry]
  2103 | D:2      | Reached XP level 4. HP: 22/30 MP: 4/8
  2501 | D:2      | Found a runed translucent door.
  2502 | D:2      | Noticed Crazy Yiuf
  2554 | D:2      | HP: 1/30 [poisoned by an adder]
  2554 | D:2      | Slain by an adder

Illustrated notes

Levels and vault maps discovered:
D:1:      sevenhm_arrival_forest_fort_small_3, layout_loops_ring,
          shapermc_ecumenical_altar_notcrosses, chequers_big_river
D:2:      wander_river, layout_basic, serial_shops, shop_fountains, shop,
          nicolae_diamond_shop, shop, uniq_crazy_yiuf_cottage, uniq_natasha

Skill      XL: |  1  2  3 |
---------------+----------+-----
Fire Magic     | 3 |  3.5
Conjurations   | 2 |  2.4
Dodging        | |  1.7
Stealth        | |  1.7
Spellcasting   | |  2.9

Action                   |  1- 3 |  4- 6 || total
-------------------------+-------+-------++-------
Melee: Unarmed           |    26 |       ||    26
       Spear             |    23 |    23 ||    46
 Cast: Foxfire           |    56 |    18 ||    74
Armor: Robe              |    10 |    18 ||    28
Dodge: Dodged            |    41 |    49 ||    90

Table legend: (Time is in decaauts)
 A = Elapsed time spent in this place.
 B = Non-inter-level travel time spent in this place.
 C = Inter-level travel time spent in this place.
 D = Time resting spent in this place.
 E = Time spent auto-exploring this place.
 F = Levels seen in this place.
 G = Mean time per level.
                   A        B        C        D        E       F      G
               +--------+--------+--------+--------+--------+-----+--------+
         Total |   2578 |   2533 |     45 |      0 |   2255 |   2 | 1289.0 |
       Dungeon |   2578 |   2533 |     45 |      0 |   2255 |   2 | 1289.0 |
               +--------+--------+--------+--------+--------+-----+--------+

Top non-repeatable levels by time:
     D:1: 1322 daAuts
     D:2: 1256 daAuts
